 Dungeon Crawl Stone Soup version 0.31-a0-858-g469dc525a8 (webtiles) character file.

Game seed: 12195131398083487997

76 BinkBink the Shield-Bearer (level 4, -15/45 HPs)
             Began as a Troll Fighter on Oct 9, 2023.
             Demolished by an ogre
             ... wielding a +0 giant club
              (25 damage)
             ... on level 3 of the Dungeon.
             The game lasted 00:02:10 (1658 turns).

BinkBink the Shield-Bearer (Troll Fighter)          Turns: 1658, Time: 00:02:11

Health: -15/45     AC:  4    Str: 26    XL:     4   Next: 12%
Magic:  3/3        EV:  9    Int:  4    God:
Gold:   129        SH:  8    Dex:  9    Spells: 3/3 levels left

rFire   . . .        a - +0 flail
rCold   . . .        c - +0 kite shield
rNeg    . . .        b - +0 robe
rPois   +            (helmet restricted)
rElec   .            o - scarf {repulsion}
rCorr   .            (gloves unavailable)
SInv    +            (boots unavailable)
Will    .....        (no amulet)
Stlth   +            f - ring of see invisible
HPRegen 1.07/turn    h - ring of poison resistance
MPRegen 0.08/turn

%: repel missiles
@: no status effects
A: large, unfitting armour, claws 3, regeneration 1, shaggy fur 1, tough skin 1
a: no special abilities


You were on level 3 of the Dungeon.
You visited 1 branch of the dungeon, and saw 3 of its levels.

You collected 129 gold pieces.

Inventory:

Hand Weapons
 a - a +0 flail (weapon)
Armour
 b - a +0 robe (worn)
 c - a +0 kite shield (worn)
 o - a scarf of repulsion (worn)
Jewellery
 f - a ring of see invisible (left claw)
 h - a ring of poison resistance (right claw)
Wands
 l - a wand of digging (7)
Scrolls
 k - 4 scrolls of identify {unknown}
 m - a scroll of noise {unknown}
Potions
 d - 2 potions of might
 e - a potion of ambrosia {unknown}
 g - 2 potions of attraction {unknown}
 i - a potion of heal wounds {unknown}
 j - a potion of lignification {unknown}
 n - a potion of mutation {unknown}


   Skills:
 + Level 3.1 Fighting
 + Level 2.6 Maces & Flails
 - Level 2.4 Dodging
 + Level 3.4 Shields


You had 3 spell levels left.
You didn't know any spells.
Your spell library contained the following spells:

 Spells                   Type           Power      Damage    Failure   Level
 Lesser Beckoning         Tloc           0%         N/A       87%         2
 Gell's Gravitas          Tloc           0%         N/A       98%         3
 Teleport Other           Tloc           0%         N/A       98%         3


Dungeon Overview and Level Annotations

Branches:
Dungeon (3/15)

Altars:
Makhleb
Okawaru

Shops:
D:1 (

Annotations:
D:2 1 runed translucent door, Crazy Yiuf


Innate Abilities, Weirdness & Mutations

You are too large for most types of armour.
You have claws for hands.
Your natural rate of healing is unusually fast.
You are covered in fur. (AC +1)
You have tough skin. (AC +1)


Message History

A quokka comes into view.
A quokka is nearby!
You hit the quokka.
You kill the quokka!
No target in view!
No target in view!
A frilled lizard comes into view.
Found 18 gold pieces and 6 stones.
A frilled lizard is nearby!
A frilled lizard is nearby!
The frilled lizard bites you.
You miss the frilled lizard. The frilled lizard barely misses you.
The frilled lizard bites you.
You thump the frilled lizard!
You kill the frilled lizard!
No target in view!
No target in view!
You now have 129 gold pieces (gained 18).
You see here 6 stones.
An ogre is nearby!
An ogre is nearby!
An ogre is nearby!
An ogre is nearby!
The ogre barely misses you.
You hit the ogre but do no damage.
The ogre hits you with a +0 giant club!!
You sock the ogre!
The ogre is heavily wounded.
The ogre misses you.
You hit the ogre.
The ogre is severely wounded.
The ogre hits you with a +0 giant club!!
* * * LOW HITPOINT WARNING * * *
You are too injured to fight recklessly!
Okay, then.
You sock the ogre!
The ogre is almost dead.
The ogre hits you with a +0 giant club!!
Ouch! That really hurt!
You die...

#........... ### ##.
#.##(####### #.. #.
#.##.# #.# # #.##.# #.#
..##.###########.#
..##...........#.#####?#
. ..
###.#####............ #.
#.# #...#.###### .. #.#
###.#@# .. #.# #.#O# #.#
#.... .#. #####. # # #.
.# #


You could see an ogre.

Vanquished Creatures
  4 adders
  2 dart slugs
  An orc (D:2)
  4 ball pythons (D:1)
  3 endoplasms
  3 giant cockroaches
  5 goblins
  2 hobgoblins
  A quokka (D:3)
  3 bats
  3 frilled lizards
  A kobold (D:2)
  5 rats
37 creatures vanquished.

Notes
Turn   | Place    | Note
-------+----------+-------------------------------------------
     0 | D:1      | BinkBink the Troll Fighter began the quest for the Orb.
     0 | D:1      | Reached XP level 1. HP: 22/22 MP: 0/0
   189 | D:1      | Reached XP level 2. HP: 29/29 MP: 1/1
   447 | D:1      | Found Pojavoow's Weapon Shop.
   745 | D:2      | Found a faded altar of an unknown god.
   753 | D:2      | Reached XP level 3. HP: 36/36 MP: 2/2
   916 | D:2      | Found a runed translucent door.
   917 | D:2      | Noticed Crazy Yiuf
  1066 | D:2      | Found an iron altar of Okawaru.
  1425 | D:3      | Reached XP level 4. HP: 45/45 MP: 3/3
  1596 | D:3      | Found a burning altar of Makhleb.
  1597 | D:3      | Noticed an ogre
  1658 | D:3      | Demolished by an ogre

Illustrated notes

Levels and vault maps discovered:
D:1:      minmay_arrival_shattered_statue, layout_basic, serial_shops, shop,
          dk_noncrumbling_3
D:2:      layout_rooms, basic_altar, chequers_ecumenical_altar_island,
          grunt_ministairs_6, serial_bayou_pond_a,
          amcnicky_mini_rare_corridor_liquid, uniq_crazy_yiuf_cottage
D:3:      layout_loops_ring, mainiacjoe_overflow_boulevard, minmay_vboxes

Skill      XL: |  1  2  3 |
---------------+----------+-----
Maces & Flails | 2 |  2.6
Shields        | 3 |  3.4
Fighting       | 3 |  3.1
Dodging        | |  2.4

Action                     |  1- 3 |  4- 6 || total
---------------------------+-------+-------++-------
  Melee: Flail             |   119 |    13 ||   132
   Stab: Sleeping          |     1 |       ||     1
 Armour: Robe              |    83 |     5 ||    88
  Dodge: Dodged            |    49 |     4 ||    53
         Repelled          |       |     1 ||     1
  Block: Kite shield       |    44 |     2 ||    46

Table legend: (Time is in decaauts)
 A = Elapsed time spent in this place.
 B = Non-inter-level travel time spent in this place.
 C = Inter-level travel time spent in this place.
 D = Time resting spent in this place.
 E = Time spent auto-exploring this place.
 F = Levels seen in this place.
 G = Mean time per level.
                   A        B        C        D        E       F      G
               +--------+--------+--------+--------+--------+-----+--------+
         Total |   1709 |   1580 |    129 |      0 |   1246 |   3 |  569.7 |
       Dungeon |   1709 |   1580 |    129 |      0 |   1246 |   3 |  569.7 |
               +--------+--------+--------+--------+--------+-----+--------+

Top non-repeatable levels by time:
     D:1: 766 daAuts
     D:2: 625 daAuts
     D:3: 317 daAuts
